 Dungeon Crawl Stone Soup version 0.31.0-11-ge490571c62 (webtiles) character file.

Game seed: 8217861645820308822

16 puppykicker the Apothecary (level 2, 10/13 HPs)
             Began as a Vine Stalker Alchemist on Feb 4, 2024.
             Quit the game on level 2 of the Dungeon on Feb 5, 2024.
             The game lasted 00:02:02 (884 turns).

puppykicker the Apothecary (Vine Stalker Alchemist)  Turns: 884, Time: 00:02:03

Health: 10/13      AC:  3    Str: 10    XL:     2   Next: 54%
Magic:  5/6        EV: 12    Int: 15    God:
Gold:   70         SH:  0    Dex: 14    Spells: 4/5 levels left

rFire   . . .        a - +0 short sword (flame)
rCold   . . .        (no shield)
rNeg    . . .        g - +0 robe
rPois   .            (no helmet)
rElec   .            e - +0 cloak
rCorr   .            (no gloves)
SInv    .            (no boots)
Will    .....        (no amulet)
Stlth   ++           (no ring)
HPRegen 1.02/turn    (no ring)
MPRegen 0.10/turn

%: guardian spirit
@: mildly poisoned (10 -> 9)
A: fangs 2, regeneration 1, magic shield, antimagic bite, no potion heal 2
a: no special abilities


You were on level 2 of the Dungeon.
You visited 1 branch of the dungeon, and saw 2 of its levels.

You collected 70 gold pieces.

Inventory:

Hand Weapons
 a - a +0 short sword of flaming (weapon)
 b - a +0 sling
Armour
 e - a +0 cloak (worn)
 g - a +0 robe (worn)
Scrolls
 d - a scroll of teleportation {unknown}
 h - a scroll of identify {unknown}
 j - a scroll of revelation {unknown}
 k - a scroll of amnesia {unknown}
Potions
 c - a potion of berserk rage {unknown}
 f - a potion of magic
 i - a potion of ambrosia {unknown}


   Skills:
 * Level 0.6 Short Blades
 - Level 1.5 Dodging
 - Level 2.4 Stealth
 + Level 2.4 Spellcasting
 + Level 1.5 Conjurations
 + Level 3.2 Alchemy


You had 4 spell levels left.
You knew the following spells:

 Your Spells              Type           Power      Damage    Failure   Level
a - Sting                 Conj/Alch      32%        1d5       9%          1

Your spell library contained the following spells:

 Spells                   Type           Power      Damage    Failure   Level
 Mercury Vapours          Alch/Air       12%        N/A       17%         2
 Mephitic Cloud           Conj/Alch/Air  6%         N/A       32%         3
 Olgreb's Toxic Radiance  Alch           11%        N/A       50%         4
 Sticky Flame             Fire/Alch      6%         2d4       73%         4


Dungeon Overview and Level Annotations

Branches:
Dungeon (2/15)

Altars:


Innate Abilities, Weirdness & Mutations

You have extremely sharp teeth.
Your natural rate of healing is unusually fast.
When hurt, damage is shared between your health and your magic reserves.
Your bite disrupts and absorbs the magic of your enemies.
Potions cannot restore your health.


Message History

You drain its power.
The giant cockroach is severely wounded.
The giant cockroach bites you.
You take 2 damage, and have 11/13 hp.
You closely miss the giant cockroach.
The giant cockroach is severely wounded.
The giant cockroach bites you but does no damage.
The giant cockroach closely misses you.
You hit the giant cockroach but do no damage.
You bite the giant cockroach.
You kill the giant cockroach!
Health restored: 13 No target in view!
Unknown command.
You now have 70 gold pieces (gained 10).
An adder comes into view.
The adder hisses angrily.
The adder barely misses you.
You miss the adder. The adder barely misses you.
You closely miss the adder. The adder closely misses you.
You closely miss the adder. You bite the adder. You drain its power.
The adder is heavily wounded.
The adder closely misses you.
You barely miss the adder.
The adder is heavily wounded.
The adder bites you.
You are poisoned.
The adder poisons you! The adder bites you.
You take 3 damage, and have 10/13 hp.
MASSIVE DAMAGE!!
You now have 5/6 mp.
Unknown command.
Unknown command.
Okay, then.
Unknown command.
Are you sure you want to abandon this character and quit the game? (Confirm with "yes".)
Okay, then.
Unknown command.
Unknown command.
Are you sure you want to abandon this character and quit the game? (Confirm with "yes".)

#.......# #######
###.#####.######.<...#
#.....# #........###.#
#.....############
#.##### ####.......##
#.....#
............########
#####.#
##.......#..##.....#
#.#
....#.##.#..##.....#
#.#
................@S.#
###.#
....#..#.#..##.....#
#...#
....#.#.....##.....#
#.###
###.........########
#.# ####.###### #.#
#.# #.# #.# #.# #.#
###########.#
#.########...........#


You could see an adder.

Levels and vault maps discovered:
D:1:      reono_arrival_mine, layout_basic, minmay_misc_feat_doors, hex_medium
D:2:      layout_loops_cross

Notes
Turn   | Place    | Note
-------+----------+-------------------------------------------
     0 | D:1      | puppykicker the Vine Stalker Alchemist began the quest for
                  | the Orb.
     0 | D:1      | Reached XP level 1. HP: 9/9 MP: 4/4
   133 | D:1      | Identified a +0 club
   145 | D:1      | Identified a +0 cloak
   205 | D:1      | Identified a +0 sling
   224 | D:1      | Identified a +0 short sword of flaming
   418 | D:1      | Reached XP level 2. HP: 13/13 MP: 6/6
   441 | D:1      | Identified a +0 dagger
   884 | D:2      | Quit the game

Table legend: (Time is in decaauts)
 A = Elapsed time spent in this place.
 B = Non-inter-level travel time spent in this place.
 C = Inter-level travel time spent in this place.
 D = Time resting spent in this place.
 E = Time spent auto-exploring this place.
 F = Levels seen in this place.
 G = Mean time per level.
                   A        B        C        D        E       F      G
               +--------+--------+--------+--------+--------+-----+--------+
         Total |    881 |    845 |     36 |     47 |    690 |   2 |  440.5 |
       Dungeon |    881 |    845 |     36 |     47 |    690 |   2 |  440.5 |
               +--------+--------+--------+--------+--------+-----+--------+

Top non-repeatable levels by time:
     D:1: 770 daAuts
     D:2: 111 daAuts

Table legend:
 A = Kills in this place as a percentage of kills in the entire game.
 B = Kills by you in this place as a percentage of kills by you in the entire game.
 C = Kills by friends in this place as a percentage of kills by friends in the entire game.
 D = Other kills in this place as a percentage of other kills in the entire game.
 E = Experience gained in this place as a percentage of experience gained in the entire game.
 F = Experience gained in this place divided by the number of levels of this place that you have seen.
                   A       B       C       D       E      F
               +-------+-------+-------+-------+-------+----------------------
         Total | 100.0 | 100.0 |   N/A |   N/A | 100.0 |  11.5
       Dungeon | 100.0 | 100.0 |   N/A |   N/A | 100.0 |  11.5
               +-------+-------+-------+-------+-------+----------------------

Action                     || total
---------------------------++-------
  Melee: Short sword       ||    25
         Bite              ||     7
         Unarmed           ||     1
   Cast: Sting             ||     7
   Stab: Sleeping          ||     2
 Armour: Robe              ||    12
  Dodge: Dodged            ||    16

Vanquished Creatures
  2 dart slugs (D:1)
  A ball python (D:1)
  A bat (D:1)
  2 giant cockroaches
  A goblin (D:1)
  A hobgoblin (D:1)
  A kobold (D:1)
  A rat (D:1)
10 creatures vanquished.
